 Dungeon Crawl Stone Soup version 0.23.2-1-ga50397a6bc (webtiles) character file.

Game seed: 10984159793723595644

1424 Mrkan the Cleaver (level 8, 0/68 HPs)
             Began as a Minotaur Berserker on May 23, 2019.
             Was a Priest of Trog.
             Slain by Blork the orc
             ... wielding a +0 trident
              (2 damage)
             ... on level 6 of the Dungeon.
             The game lasted 00:09:36 (3999 turns).

Mrkan the Cleaver (Minotaur Berserker)              Turns: 3999, Time: 00:09:37

Health: 0/68       AC: 11    Str: 21    XL:     8   Next: 44%
Magic:  7/7        EV:  7    Int:  4    God:    Trog [***...]
Gold:   314        SH:  3    Dex: 13    Spells: 7/7 levels left

rFire    . . .     SeeInvis .   D - +0 broad axe
rCold    . . .     Gourm    .   v - +0 buckler
rNeg     . . .     Faith    .   r - +0 chain mail
rPois    .         Spirit   .   (helmet restricted)
rElec    .         Reflect  .   (no cloak)
rCorr    .         Harm     .   i - +0 pair of gloves
MR       .....                  y - +0 pair of boots
Stlth    ..........             (no amulet)
HPRegen  0.21/turn              (no ring)
MPRegen  0.10/turn              (no ring)

@: berserk cooldown, slowed, very slow
A: retaliatory headbutt, horns 2
a: Berserk, Trog's Hand, Renounce Religion


You were on level 6 of the Dungeon.
You worshipped Trog.
Trog was most pleased with you.
You were not hungry.

You visited 1 branch of the dungeon, and saw 6 of its levels.

You collected 314 gold pieces.

Inventory:

Hand Weapons
 D - a +0 broad axe (weapon)
Missiles
 q - 7 tomahawks (quivered)
Armour
 i - a +0 pair of gloves (worn)
 r - a +0 chain mail (worn)
 v - a +0 buckler (worn)
 y - a +0 pair of boots (worn)
Jewellery
 b - an uncursed ring of stealth {unknown}
 d - an uncursed amulet of rage {unknown}
 f - an uncursed ring of fire {unknown}
 j - an uncursed ring of ice {unknown}
 w - a cursed amulet of inaccuracy {unknown}
 z - an uncursed ring of resist corrosion
Scrolls
 l - 3 scrolls of immolation {unknown}
 m - a scroll of teleportation {unknown}
 n - 2 scrolls of enchant armour {unknown}
 o - 5 scrolls of identify {unknown}
 p - 6 scrolls of remove curse {unknown}
 u - a scroll of amnesia {unknown}
 A - a scroll of blinking {unknown}
Potions
 a - a potion of heal wounds {unknown}
 e - 2 potions of haste {unknown}
 g - 3 potions of magic {unknown}
 h - 4 potions of agility {unknown}
 k - 3 potions of might {unknown}
 s - a potion of ambrosia {unknown}
 t - a potion of lignification {unknown}
 x - a potion of curing {unknown}
 C - a potion of brilliance {unknown}
Comestibles
 c - 10 rations


   Skills:
 - Level 5.0 Fighting
 * Level 12.2 Axes
 - Level 2.4 Armour
 - Level 2.1 Dodging


You had 7 spell levels left.
You didn't know any spells.
Your spell library was empty.

Dungeon Overview and Level Annotations

Branches:
Dungeon (6/15)             Temple (0/1) D:5

Altars:
Ashenzari
Elyvilon
Fedhas
Okawaru
Xom
Zin

Annotations:
D:6 Blork the orc


Innate Abilities, Weirdness & Mutations

You reflexively headbutt those who attack you in melee.
You have a pair of horns on your head.


Message History

Something hits you but does no damage. x2
You hit something. Your headbutt misses something.
Something hits you but does no damage. x2
Your shield and chain mail prevent you from hitting something.
You headbutt something! Something hits you but does no damage.
You hear some strange, mumbled words.
A magic dart appears from out of thin air!
The magic dart hits you but does no damage.
You eat one of the 11 rations.
That ration really hit the spot!
Something hits you.
* * * LOW HITPOINT WARNING * * *
Something hits you.
* * * LOW HITPOINT WARNING * * *
You closely miss something. Your headbutt misses something.
You hear some strange, mumbled words.
A magic dart appears from out of thin air!
The magic dart hits you.
* * * LOW HITPOINT WARNING * * *
Something hits you.
You die...

# # # ### # ##.###
###....#####
.##.....##.## ###
.#.......#..# #.#
....##......####†###
.....##.##.....)@).#
.###..###......{.###
..##..#..........#
.................#
#......(.....#####
#...........#
#..........# .
##.......### ..
#.........##


There were no monsters in sight!

Vanquished Creatures
  Grinder (D:4)
  A water moccasin (D:6)
  An orc warrior (D:6)
  An ice beast (D:6)
  A phantom (D:5)
  2 ogres
  A crimson imp (D:4)
  A jelly (D:5)
  2 hounds
  2 gnoll shamans
  A bullfrog skeleton (D:6)
  2 iguanas (D:6)
  3 worker ants
  A hound skeleton (D:4)
  13 adders
  11 gnolls
  3 shadow imps (D:5)
  3 oozes
  An adder skeleton (D:4)
  4 worms
  2 dart slugs (D:1)
  4 leopard geckos
  7 orcs
  4 giant cockroaches
  3 goblins (D:1)
  6 hobgoblins
  12 jackals
  7 kobolds
  2 quokkas
  A ball python (D:2)
  3 bats
  4 frilled lizards
  A jackal skeleton (D:6)
  A leopard gecko zombie (D:5)
  3 rats (D:1)
115 creatures vanquished.

Notes
Turn   | Place    | Note
-------+----------+-------------------------------------------
     0 | D:1      | Mrkan the Minotaur Berserker began the quest for the Orb.
     0 | D:1      | Reached XP level 1. HP: 19/19 MP: 0/0
    44 | D:1      | Reached skill level 4 in Axes
    57 | D:1      | Reached XP level 2. HP: 19/27 MP: 1/1
   532 | D:1      | Reached XP level 3. HP: 32/33 MP: 2/2
   727 | D:2      | Found a glowing silver altar of Zin.
   789 | D:2      | Reached ** piety under Trog
   794 | D:2      | Reached skill level 5 in Axes
  1577 | D:3      | Reached XP level 4. HP: 41/41 MP: 3/3
  1846 | D:3      | Found a shimmering altar of Xom.
  1896 | D:3      | Reached skill level 6 in Axes
  1931 | D:3      | Found an iron altar of Okawaru.
  1931 | D:3      | Found a shattered altar of Ashenzari.
  2070 | D:3      | Reached XP level 5. HP: 47/47 MP: 4/4
  2126 | D:3      | Reached skill level 5 in Fighting
  2286 | D:4      | Noticed Grinder
  2292 | D:4      | Killed Grinder
  2292 | D:4      | Reached skill level 7 in Axes
  2292 | D:4      | Reached XP level 6. HP: 56/56 MP: 5/5
  2322 | D:4      | Reached skill level 8 in Axes
  2384 | D:4      | Found a white marble altar of Elyvilon.
  2732 | D:4      | Reached skill level 9 in Axes
  2732 | D:4      | Reached XP level 7. HP: 61/61 MP: 6/6
  2880 | D:4      | Found a blossoming altar of Fedhas.
  3255 | D:5      | Entered Level 5 of the Dungeon
  3322 | D:5      | Found a staircase to the Ecumenical Temple.
  3399 | D:5      | Reached skill level 10 in Axes
  3956 | D:6      | Reached *** piety under Trog
  3960 | D:6      | Reached skill level 11 in Axes
  3960 | D:6      | Reached XP level 8. HP: 61/68 MP: 7/7
  3960 | D:6      | Noticed Blork the orc
  3985 | D:6      | Reached skill level 12 in Axes
  3999 | D:6      | HP: 2/68 [something/magic dart (3)]
  3999 | D:6      | Slain by Blork the orc

Skill      XL: |  1  2  3  4  5  6  7  8 |
---------------+-------------------------+-----
Axes           | 4 5 6 7 9 11 12 | 12.2
Fighting       | 4 5 |  5.0
Armour         | |  2.4
Dodging        | |  2.1

Action                   |  1- 3 |  4- 6 |  7- 9 || total
-------------------------+-------+-------+-------++-------
Melee: Hand axe          |    73 |   105 |    55 ||   233
       Headbutt          |    13 |    19 |    32 ||    64
       Broad axe         |       |       |    63 ||    63
       War axe           |       |       |     9 ||     9
Invok: Berserk           |       |     3 |     2 ||     5
       Trog's Hand       |       |     1 |       ||     1
  Eat: Chunk             |       |     9 |     3 ||    12
       Ration            |       |       |     1 ||     1
Armor: Animal skin       |     9 |       |       ||     9
       Chain mail        |     3 |    47 |    91 ||   141
Dodge: Dodged            |    53 |    43 |    41 ||   137
Block: Buckler           |       |     8 |    23 ||    31
